 Dungeon Crawl Stone Soup version 0.27-a0-1595-g0b823d0a13 (webtiles) character file.

Game seed: 15909778435723224228

222 Sin92 the Skirmisher (level 5, -2/42 HPs)
             Began as a Demonspawn Fighter on July 20, 2021.
             Slain by an orc wizard (5 damage)
             ... on level 3 of the Dungeon.
             The game lasted 00:03:52 (2797 turns).

Sin92 the Skirmisher (Demonspawn Fighter)           Turns: 2797, Time: 00:03:53

Health: -2/42      AC:  6    Str: 17    XL:     5   Next: 66%
Magic:  5/5        EV:  7    Int:  9    God:
Gold:   123        SH:  0    Dex: 15    Spells: 4/4 levels left

rFire    . . .     SeeInvis .   a - +1 war axe (flame)
rCold    . . .     Faith    .   c - +0 kite shield
rNeg     . . .     Spirit   .   b - +0 scale mail
rPois    .         Reflect  .   (no helmet)
rElec    .         Harm     .   (no cloak)
rCorr    .         Rampage  .   (no gloves)
Will     .....                  (no boots)
Stlth    ..........             (no amulet)
HPRegen  0.14/turn              (no ring)
MPRegen  0.09/turn              (no ring)

@: confused
A: hooves 1, thin skeletal structure 1, condensation shield
a: no special abilities


You were on level 3 of the Dungeon.
You visited 1 branch of the dungeon, and saw 3 of its levels.

You collected 123 gold pieces.

Inventory:

Hand Weapons
 a - a +1 war axe of flaming (weapon)
Armour
 b - a +0 scale mail (worn)
 c - a +0 kite shield (worn)
Scrolls
 f - 3 scrolls of summoning
 i - a scroll of fog {unknown}
Potions
 d - a potion of might
 g - 2 potions of haste {unknown}
 h - a potion of curing {unknown}


   Skills:
 + Level 3.8 Fighting
 * Level 3.4 Axes
 + Level 3.3 Armour
 + Level 1.6 Dodging
 + Level 3.4 Shields


You had 4 spell levels left.
You didn't know any spells.
Your spell library contained the following spells:

 Spells                   Type           Power      Damage    Failure   Level
 Slow                     Hex            0%         N/A       100%        2
 Confusing Touch          Hex            0%         N/A       100%        3
 Stone Arrow              Conj/Erth      0%         3d7       100%        3
 Tukima's Dance           Hex            0%         N/A       100%        3
 Passage of Golubria      Tloc           N/A        N/A       100%        4
 Bolt of Magma            Conj/Fire/Erth 0%         4d4       100%        5
 Yara's Violent Unravell  Hex/Tmut       0%         3d3       100%        5
 Shatter                  Erth           0%         3d5*      100%        9


Dungeon Overview and Level Annotations

Branches:
Dungeon (3/15)

Altars:
Kikubaaqudgha
Sif Muna
Wu Jian


Innate Abilities, Weirdness & Mutations

You have large cloven feet.
You have a somewhat thin skeletal structure. (Dex +2, Stealth+)
A meltable shield of frost defends you. (SH +0)


Message History

* * * LOW HITPOINT WARNING * * *
You barely miss the orc wizard. Your kick misses the orc wizard.
The orc wizard is severely wounded.
You miss something. Something hits you but does no damage.
The orc wizard hits you but does no damage.
Something hits you but does no damage.
You hit the orc wizard. You burn the orc wizard.
You kill the orc wizard!
You completely miss something.
You feel less invigorated. Something hits you.
You convulse.
Unknown command.
You hear some strange, mumbled words.
You are more confused.
There is a fountain of clear blue water here.
Something hits you.
You convulse.
There is a fountain of clear blue water here.
There is a fountain of clear blue water here.
You completely miss something. Something hits you but does no damage.
You hear some strange, mumbled words.
You are more confused.
You closely miss something.
You hear some strange, mumbled words.
Something tries to affect you, but you resist.
You're too confused to move!
You hear some strange, mumbled words.
A magic dart appears from out of thin air!
The magic dart hits you.
You're too confused to move!
Something hits you but does no damage.
You barely miss something. You kick something. Something hits you.
You convulse.
Something hits you.
You convulse.
* * * LOW HITPOINT WARNING * * *
Something hits you.
* * * LOW HITPOINT WARNING * * *
You convulse.
* * * LOW HITPOINT WARNING * * *
There is a fountain of clear blue water here.
You miss something. You kick something. Something hits you.
* * * LOW HITPOINT WARNING * * *
You convulse.
You die...

.#. .[. .. #....##.###
. .... #....)....#
#########.....#
#._.#._.#.....#
#.).#...#[....#
##+###'###'##.....#
#...........#.....####
#....⌠{⌠....#........##
##....@.)..##.........#
##..⌠.⌠..##.........).
##.....###...........
###.#####.#.........
#..#.....#.........
#..................
#.##..#####....)..#
#.#...# #.........
##...#.# #.........


There were no monsters in sight!

Vanquished Creatures
  A centaur (D:3)
  2 orc wizards (D:3)
  2 adders (D:2)
  5 dart slugs
  An orc (D:3)
  4 endoplasms
  4 giant cockroaches
  4 goblins
  5 hobgoblins
  9 jackals
  3 quokkas
  3 ball pythons
  4 bats
  2 frilled lizards
  6 kobolds
  9 rats
64 creatures vanquished.

Notes
Turn   | Place    | Note
-------+----------+-------------------------------------------
     0 | D:1      | Sin92 the Demonspawn Fighter began the quest for the Orb.
     0 | D:1      | Reached XP level 1. HP: 18/18 MP: 1/1
   350 | D:1      | Gained mutation: You have a somewhat thin skeletal
                  | structure. (Dex +2, Stealth+) [demonic ancestry]
   350 | D:1      | Reached XP level 2. HP: 23/24 MP: 2/2
  1059 | D:2      | Reached XP level 3. HP: 29/29 MP: 3/3
  1630 | D:2      | Reached skill level 1 in Dodging
  1825 | D:2      | Gained mutation: You have large cloven feet. [demonic
                  | ancestry]
  1825 | D:2      | Reached XP level 4. HP: 35/35 MP: 4/4
  1907 | D:2      | Found an ornate altar of the Wu Jian Council.
  2466 | D:3      | Noticed a centaur
  2472 | D:3      | Killed a centaur
  2473 | D:3      | Gained mutation: A meltable shield of frost defends you.
                  | (SH +0) [demonic ancestry]
  2473 | D:3      | Reached XP level 5. HP: 22/42 MP: 5/5
  2697 | D:3      | Found an ancient bone altar of Kikubaaqudgha.
  2762 | D:3      | Found a shimmering blue altar of Sif Muna.
  2797 | D:3      | Slain by an orc wizard

Illustrated notes

Levels and vault maps discovered:
D:1:      shiori_arrival_maze, layout_basic
D:2:      layout_basic, shapermc_ecumenical_altar_petra, basic_altar
D:3:      layout_rooms, palyth_temple_overflow_mages,
          wander_ebering_terrifying_dragon_lair

Skill      XL: |  1  2  3  4 |
---------------+-------------+-----
Axes           | 2 3 |  3.4
Armour         | 3 |  3.3
Dodging        | 1 |  1.6
Shields        | 3 |  3.4
Fighting       | |  3.8

Action                   |  1- 3 |  4- 6 || total
-------------------------+-------+-------++-------
Melee: War axe           |    89 |    56 ||   145
       Kick              |       |    16 ||    16
  Use: Scroll            |     4 |       ||     4
       Potion            |       |     1 ||     1
Armor: Scale mail        |    45 |    38 ||    83
Dodge: Dodged            |    32 |    17 ||    49
Block: Kite shield       |    45 |    33 ||    78

Table legend: (Time is in decaauts)
 A = Elapsed time spent in this place.
 B = Non-inter-level travel time spent in this place.
 C = Inter-level travel time spent in this place.
 D = Time resting spent in this place.
 E = Time spent auto-exploring this place.
 F = Levels seen in this place.
 G = Mean time per level.
                   A        B        C        D        E       F      G
               +--------+--------+--------+--------+--------+-----+--------+
         Total |   2884 |   2848 |     36 |    366 |   2043 |   3 |  961.3 |
       Dungeon |   2884 |   2848 |     36 |    366 |   2043 |   3 |  961.3 |
               +--------+--------+--------+--------+--------+-----+--------+

Top non-repeatable levels by time:
     D:2: 1406 daAuts
     D:1: 1015 daAuts
     D:3: 462 daAuts
